 Dungeon Crawl Stone Soup version 0.27-a0-899-ge2d0b17c59 (webtiles) character file.

Game seed: 11811123929718935083

263 rageheart7 the Cutter (level 6, -2/40 HPs)
             Began as a Kobold Gladiator on Apr 6, 2021.
             Slain by a gnoll
             ... wielding a +2 spear of venom
              (12 damage)
             ... on level 4 of the Dungeon.
             The game lasted 00:02:15 (2814 turns).

rageheart7 the Cutter (Kobold Gladiator)            Turns: 2814, Time: 00:02:16

Health: -2/40      AC:  6    Str: 14    XL:     6   Next: 42%
Magic:  6/6        EV: 15    Int:  9    God:
Gold:   100        SH:  0    Dex: 16    Spells: 5/5 levels left

rFire    . . .     SeeInvis .   a - +0 rapier
rCold    + + .     Faith    .   (shield restricted)
rNeg     + . .     Spirit   .   m - +0 robe {rC+ rF+}
rPois    .         Reflect  .   c - +0 helmet
rElec    .         Harm     .   (no cloak)
rCorr    .         Rampage  .   (no gloves)
Will     .....                  k - +2 pair of boots
Stlth    ++........             (no amulet)
HPRegen  0.13/turn              i - ring of positive energy
MPRegen  0.10/turn              l - ring of ice

@: lethally poisoned (-2 -> -9)
A: small, no large weapons, nightstalker 3
a: no special abilities


You were on level 4 of the Dungeon.
You visited 1 branch of the dungeon, and saw 4 of its levels.

You collected 100 gold pieces.

Inventory:

Hand Weapons
 a - a +0 rapier (weapon)
Missiles
 d - 3 throwing nets (quivered)
Armour
 b - a +0 leather armour
 c - a +0 helmet (worn)
 k - a +2 pair of boots (worn)
 m - a +0 robe of resistance (worn)
Jewellery
 i - a ring of positive energy (left hand)
 l - a ring of ice (right hand)
Scrolls
 f - 2 scrolls of fear {unknown}
 g - 2 scrolls of identify {unknown}
 j - a scroll of summoning {unknown}
 n - a scroll of enchant weapon {unknown}
Potions
 e - a potion of lignification {unknown}
 h - a potion of invisibility {unknown}


   Skills:
 * Level 5.1 Fighting
 * Level 6.8 Short Blades
 - Level 2.1 Throwing
 - Level 3.6 Dodging


You had 5 spell levels left.
You didn't know any spells.
Your spell library contained the following spells:

 Spells                   Type           Power      Damage    Failure   Level
 Animate Skeleton         Necr           0%         N/A       38%         1
 Pain                     Necr           0%         1d4       38%         1
 Vampiric Draining        Necr           0%         2d6       77%         3
 Animate Dead             Necr           0%         N/A       99%         4
 Agony                    Necr           0%         N/A       100%        5


Dungeon Overview and Level Annotations

Branches:
Dungeon (4/15)
 Temple: D:4-7

Altars:


Innate Abilities, Weirdness & Mutations

You are small and have problems with some larger weapons.
You are completely attuned to the shadows.


Message History

A gnoll comes into view. It is wielding a +0 club.
The gnoll shouts!
You hear a shout! x4
There is a stone staircase leading up here. 2 gnolls come into view.
A gnoll is wielding a +2 spear of venom.
The gnoll shouts!
Found 2 gold pieces.
You completely miss the gnoll. You puncture the gnoll!
The gnoll is heavily wounded.
A goblin comes into view. It is wielding a +0 club.
You hit the gnoll.
The gnoll is almost dead.
The gnoll hits you but does no damage.
You are poisoned.
The gnoll hits you with a +0 club! The gnoll closely misses you.
You puncture the gnoll!
You kill the gnoll!
You feel sick.
The gnoll hits you from afar with a +2 spear of venom.
You are more poisoned.
The gnoll barely misses you.
You hit the gnoll.
The gnoll is moderately wounded.
You feel very sick. The gnoll closely misses you. The gnoll barely misses you.
You closely miss the gnoll.
The gnoll is moderately wounded.
You feel very sick.
The gnoll hits you from afar with a +2 spear of venom.
You are too injured to fight recklessly!
You are too injured to fight recklessly!
You are too injured to fight recklessly!
You feel sick.
A gnoll comes into view.
It is wielding a +2 whip of electrocution.
The gnoll misses you.
There is a stone staircase leading up here.
You feel sick.
The gnoll hits you from afar with a +2 spear of venom!
You die...

.. #.##
..#
#.####
###@.g.#
#)g##...
##g# ..
#.. .
##.. #.$


You could see 3 gnolls.

Vanquished Creatures
  Sigmund (D:3)
  3 adders
  A gnoll (D:4)
  A worm (D:2)
  2 dart slugs (D:1)
  An orc (D:3)
  4 endoplasms
  A giant cockroach (D:1)
  6 goblins
  5 hobgoblins
  8 jackals
  5 quokkas
  4 ball pythons
  3 bats (D:1)
  10 frilled lizards
  5 kobolds
  4 rats
64 creatures vanquished.

Vanquished Creatures (others)
  4 plants (D:2)
4 creatures vanquished.

Grand Total: 68 creatures vanquished

Notes
Turn   | Place    | Note
-------+----------+-------------------------------------------
     0 | D:1      | rageheart7 the Kobold Gladiator began the quest for the
                  | Orb.
     0 | D:1      | Reached XP level 1. HP: 12/12 MP: 1/1
   198 | D:1      | Reached XP level 2. HP: 18/18 MP: 2/2
   336 | D:1      | Reached XP level 3. HP: 23/23 MP: 3/3
   884 | D:2      | Reached skill level 5 in Short Blades
  1069 | D:2      | Reached XP level 4. HP: 28/28 MP: 4/4
  1619 | D:2      | Found a faded altar of an unknown god.
  2215 | D:3      | Noticed Sigmund
  2258 | D:3      | Killed Sigmund
  2259 | D:3      | Reached skill level 5 in Fighting
  2259 | D:3      | Reached skill level 6 in Short Blades
  2259 | D:3      | Reached XP level 5. HP: 18/35 MP: 5/5
  2259 | D:3      | Reached XP level 6. HP: 21/40 MP: 6/6
  2814 | D:4      | Slain by a gnoll

Illustrated notes

Levels and vault maps discovered:
D:1:      minmay_arrival_three_doors, layout_loops_ring
D:2:      layout_loops_ring, basic_ecumenical_altar, minmay_lizard_king
D:3:      layout_basic, uniq_sigmund
D:4:      minmay_evil_eye, layout_rooms, minmay_temple_entry_overgrown,
          supply_closet_lemuel, goddamned_bats, uniq_grinder, uniq_pikel

Skill      XL: |  1  2  3  4 |
---------------+-------------+-----
Fighting       | 3 5 |  5.1
Short Blades   | 5 6 |  6.8
Throwing       | |  2.1
Dodging        | |  3.6

Action                   |  1- 3 |  4- 6 || total
-------------------------+-------+-------++-------
Melee: Rapier            |   115 |    82 ||   197
  Use: Potion            |       |     4 ||     4
 Stab: Sleeping          |     9 |     5 ||    14
Armor: Leather armour    |    23 |    10 ||    33
       Robe              |       |     4 ||     4
Dodge: Dodged            |    77 |    54 ||   131

Table legend: (Time is in decaauts)
 A = Elapsed time spent in this place.
 B = Non-inter-level travel time spent in this place.
 C = Inter-level travel time spent in this place.
 D = Time resting spent in this place.
 E = Time spent auto-exploring this place.
 F = Levels seen in this place.
 G = Mean time per level.
                   A        B        C        D        E       F      G
               +--------+--------+--------+--------+--------+-----+--------+
         Total |   2802 |   2729 |     73 |      0 |   2355 |   4 |  700.5 |
       Dungeon |   2802 |   2729 |     73 |      0 |   2355 |   4 |  700.5 |
               +--------+--------+--------+--------+--------+-----+--------+

Top non-repeatable levels by time:
     D:2: 1005 daAuts
     D:3: 909 daAuts
     D:1: 879 daAuts
     D:4: 7 daAuts
